 Dungeon Crawl Stone Soup version 0.22-a0-367-gb72a975 (webtiles) character file.

8 GoochMcTaint the Caller (level 2, 16/16 HPs)
             Began as a Deep Elf Summoner on Apr 23, 2018.
             Quit the game on level 1 of the Dungeon.
             The game lasted 00:03:41 (892 turns).

GoochMcTaint the Caller (Deep Elf Summoner)          Turns: 892, Time: 00:03:42

Health: 16/16      AC:  2    Str:  5    XL:     2   Next: 0%
Magic:  1/8        EV: 13    Int: 19    God:
Gold:   6          SH:  0    Dex: 15    Spells: 4/7 levels left

rFire    . . .     SeeInvis .   i - +0 dagger
rCold    . . .     Gourm    .   (no shield)
rNeg     . . .     Faith    .   a - +0 robe
rPois    .         Spirit   .   (no helmet)
rElec    .         Reflect  .   (no cloak)
rCorr    .         Harm     .   (no gloves)
MR       .....                  (no boots)
Stlth    ++........             (no amulet)
HPRegen  0.05/turn              (no ring)
MPRegen  0.11/turn              (no ring)

@: no status effects
A: no striking features
a: no special abilities


You were on level 1 of the Dungeon.
You were not hungry.

You visited 1 branch of the dungeon, and saw 1 of its levels.

You collected 6 gold pieces.

Inventory:

Hand Weapons
 i - a +0 dagger (weapon)
Armour
 a - a +0 robe (worn)
Scrolls
 b - 4 scrolls of identify {unknown}
 e - a scroll of fog {unknown}
Potions
 d - a potion of agility {unknown}
 f - a potion of berserk rage {unknown}
 g - a potion of curing {unknown}
 h - a potion of flight {unknown}
Comestibles
 c - a ration


   Skills:
 + Level 0.3 Fighting
 + Level 0.0 Short Blades
 + Level 2.6 Dodging
 - Level 2.4 Stealth
 + Level 3.2 Spellcasting
 * Level 4.6 Summonings


You had 4 spell levels left.
You knew the following spells:

 Your Spells              Type           Power        Failure   Level  Hunger
a - Summon Small Mammal   Summ           ###.         2%          1    None
b - Call Imp              Summ           ###.....     3%          2    ##.....


Dungeon Overview and Level Annotations

Branches:
Dungeon (1/15)

Altars:
Ashenzari


Message History

The hobgoblin hits your quokka with a club.
Your quokka barely misses the hobgoblin.
You swap places.
Your rat bites the hobgoblin.
Your quokka closely misses the hobgoblin.
Your quokka bites the hobgoblin.
The hobgoblin dies!
You have reached level 2!
Memorise Call Imp, consuming 2 spell levels and leaving 4?
You start memorising the spell.
You continue memorising. x2
You finish memorising.
Spell assigned to 'b'.
Are you sure you want to abandon this character and quit the game? (Confirm with "yes".)
Okay, then.
Quiver which item? (- for none, * to show all) (? for menu, Esc to quit)
Okay, then.
Unknown command.
Unknown command.
Saving game... please wait.
Welcome back, GoochMcTaint the Deep Elf Summoner.
Press ? for a list of commands and other information.
Are you sure you want to abandon this character and quit the game? (Confirm with "yes".)

###.##### #.# #.# #.#
#.###.# #.##########(..##
.#######.#>......###.##
.........#.##......#.#
.##..#####..#.##.##.#.#.###
.....##..)rr#..............
........##r##.......#.#####
####.#####@##....##.#.# #
#b##.......#.#
#.......##..#......#
##########..#.##.#####
#...........#
#.#.###.###.###
#..)....#.....#
###.#####.....# ##...#
#.....#


You could see 2 friendly quokkas, a friendly bat and a friendly rat.

Vanquished Creatures
  A goblin (D:1)
  A kobold (D:1)
2 creatures vanquished.

Vanquished Creatures (collateral kills)
  2 leopard geckos (D:1)
  A bat (D:1)
  2 giant cockroaches (D:1)
  A hobgoblin (D:1)
  2 kobolds (D:1)
8 creatures vanquished.

Grand Total: 10 creatures vanquished

Notes
Turn   | Place    | Note
-------+----------+-------------------------------------------
     0 | D:1      | GoochMcTaint the Deep Elf Summoner began the quest for the Orb.
     0 | D:1      | Reached XP level 1. HP: 10/10 MP: 6/6
   173 | D:1      | Found a shattered altar of Ashenzari.
   888 | D:1      | Reached XP level 2. HP: 16/16 MP: 1/8
   892 | D:1      | Learned a level 2 spell: Call Imp
   892 | D:1      | Quit the game

Vault maps used:
D:1:      lemuel_arrival_rhombus, nicolae_ashenzari_panopticon

Action                   || total
-------------------------++-------
Melee: Unarmed           ||    10
 Cast: Summon Small Mamm ||    27
Armor: Robe              ||     8
Dodge: Dodged            ||    26

Table legend:
 A = Spawn XP
 B = Non-spawn XP
 C = Spawn XP percentage of total XP
 D = Spawn monster count
 E = Non-spawn monster count
 F = Spawn count percentage of total count
 G = Total turns spent on level
                    A         B        C        D         E        F      G
               +---------+---------+-------+---------+---------+-------+---------
         Total |       0 |      12 |   0.0 |       0 |      10 |   0.0 |   892
               +---------+---------+-------+---------+---------+-------+---------
           D:1 |       0 |      12 |   0.0 |       0 |      10 |   0.0 |   892
               +---------+---------+-------+---------+---------+-------+---------
